AoeStats
← tonixalo

Hideout

510072915Analyzed
1v1 RM · 1d ago on Sep 29, 2026· 22m 18s· 2 players
Game mode
Random Map
Map size
Tiny (2 player)
Population
200
Speed
Normal
Resources
Standard
Victory
Conquest
Starting age
Dark Age
Ending age
Imperial Age
RankedLock teamsTeams togetherTeam positionsShared explorationLock speedFull tech treeHidden civsTurbo modeCheats
Victory
Defeat
🇪🇸 Malay · Spain
1330
+14
🇨🇳 Mongols · China
1278
-14
菜鸟来练手
9:22 Feudal Age
11:16 Loom
13:44 Castle Age
12:20 Double-Bit Axe
13:27 Horse Collar
tonixalo
4:44 Loom
11:56 Feudal Age
12:23 Horse Collar
15:34 Castle Age
19:48 Husbandry
20:50 Scale Barding Armor
21:27 Forging
Connection lost

Rejoining the realm…

Still unreachable

The connection could not be restored.

Session expired

The server has moved on; the page needs a fresh start.